 Seeded DCSS version 0.30-a0-860-g512cf1e979 (webtiles) character file.

Game seed: 8796237800415217726 (custom seed)

1526 BigDaddyOpFi the Nimble (level 8, -1/37 HPs)
             Began as a Spriggan Fighter on Mar 7, 2023.
             Was an Initiate of Dithmenos.
             Slain by a killer bee (6 damage)
             ... on level 6 of the Dungeon.
             The game lasted 00:09:16 (7025 turns).

BigDaddyOpFi the Nimble (Spriggan Fighter)          Turns: 7025, Time: 00:09:16

Health: -1/37      AC:  7    Str: 21    XL:     8   Next: 54%
Magic:  0/0        EV: 24    Int: 10    God:    Dithmenos [......]
Gold:   590        SH: 11    Dex: 20    Spells: 7/7 levels left

rFire   . . .      SeeInvis +    x - +4 hand axe "Fumm" {freeze, *Rage Dex+4}
rCold   . . .      Faith    .    c - +0 buckler
rNeg    . . .      Spirit   .    b - +2 robe
rPois   +          Reflect  +    (helmet restricted)
rElec   .          Rampage  .    s - +2 cloak of the Thief {*Fog Slay-2 SInv Stlth+}
rCorr   +          Rage     20%  (gloves unavailable)
Will    +....                    (boots unavailable)
Stlth   +++++                    g - amulet "Moboy" {Reflect rF- rCorr MP-9 Str+9 SH+5}
HPRegen 0.26/turn                C - ring of poison resistance
MPRegen 0.07/turn                D - ring of protection from fire

@: lethally poisoned (-1 -> -4), on berserk cooldown, slowed, studying Dodging,
quick
A: very small, no large weapons, unfitting armour, see invisible, speed 3, frail
1
a: Renounce Religion


You were on level 6 of the Dungeon.
You worshipped Dithmenos.
Dithmenos was noncommittal.
You visited 2 branches of the dungeon, and saw 8 of its levels.

You collected 1032 gold pieces.
You spent 442 gold pieces at shops.

Inventory:

Hand Weapons
 a - a +0 rapier
 h - a +2 short sword of speed
 x - the +4 hand axe "Fumm" (weapon) {freeze, *Rage Dex+4}
   (You found it on level 2 of the Dungeon)

   Dex:       It affects your dexterity (+4).
   *Rage:     It berserks you when you make melee attacks (+20% chance).
Armour
 b - a +2 robe (worn)
 c - a +0 buckler (worn)
 s - the +2 cloak of the Thief (worn) {*Fog Slay-2 SInv Stlth+}
   (You bought it in a shop on level 2 of the Dungeon)

   *Fog:      It may release a thick cloud of smoke when the wearer is hurt.
   Slay:      It affects your accuracy & damage with ranged weapons and melee
   (-2).
   SInv:      It lets you see invisible.
   Stlth:     It makes you more stealthy.
Jewellery
 g - the amulet "Moboy" (around neck) {Reflect rF- rCorr MP-9 Str+9 SH+5}
   (You acquired it on level 1 of the Dungeon)

   [amulet of reflection]

   It reflects blocked missile attacks.
   Str:       It affects your strength (+9).
   rF:        It makes you vulnerable to fire.
   MP:        It affects your magic capacity (-9).
   rCorr:     It protects you from acid and corrosion.
   SH:        It affects your SH (+5).
 m - an amulet of regeneration
 C - a ring of poison resistance (left hand)
 D - a ring of protection from fire (right hand)
Wands
 d - a wand of flame (43)
 y - a wand of paralysis (10) (quivered)
Scrolls
 f - 3 scrolls of identify
 l - 2 scrolls of fear {unknown}
 p - 4 scrolls of noise
 r - a scroll of magic mapping
 t - 2 scrolls of vulnerability
 u - a scroll of torment
 w - a scroll of immolation
 B - a scroll of poison
Potions
 e - 2 potions of might
 i - a potion of lignification
 j - 2 potions of curing
 k - a potion of attraction
 v - 2 potions of brilliance


   Skills:
 + Level 4.3 Fighting
 + Level 5.3 Short Blades
 + Level 9.6 Dodging
 * Level 8.7 Stealth
 + Level 4.1 Shields


You had 7 spell levels left.
You didn't know any spells.
Your spell library contained the following spells:

 Spells                   Type           Power      Damage    Failure   Level
 Magic Dart               Conj           0%         1d3       58%         1
 Call Imp                 Summ           0%         N/A       75%         2
 Ignite Poison            Fire/Tmut/Pois 0%         N/A       92%         3
 Kindle Blastsparks       Fire/Tloc/Air  0%         2d10      92%         3
 Mephitic Cloud           Conj/Pois/Air  0%         N/A       92%         3
 Freezing Cloud           Conj/Ice/Air   0%         6-21      100%        5


Dungeon Overview and Level Annotations

Branches:
Dungeon (7/15)             Temple (1/1) D:6

Altars:
Ashenzari
Cheibriados
Dithmenos
Fedhas
Gozag
Okawaru
Trog
Vehumet
Xom
Yredelemnul

Shops:
D:1 :   D:2 *   D:5 (


Innate Abilities, Weirdness & Mutations

You are very small and have problems with some larger weapons.
You are too small for most types of armour.
You have supernaturally acute eyesight. (SInv)
You cover ground extremely quickly. (Speed+++)
You are frail. (-10% HP)


Message History

The killer bee is heavily wounded.
You miss the killer bee. You block the killer bee's attack.
The killer bee closely misses you.
The killer bee stings you but does no damage.
You block the killer bee's attack. The killer bee completely misses you.
You block the killer bee's attack. x2; The killer bee misses you.
You miss the killer bee.
The killer bee is heavily wounded.
You hit the killer bee. You freeze the killer bee.
You block the killer bee's attack. x2; The killer bee completely misses you.
The killer bee closely misses you. You block the killer bee's attack.
The killer bee closely misses you.
The killer bee completely misses you. x2
You hit the killer bee. You freeze the killer bee.
The killer bee is heavily wounded.
You hit the killer bee. You freeze the killer bee.
You block the killer bee's attack. The killer bee stings you.
* * * LOW HITPOINT WARNING * * *
The killer bee misses you. The killer bee closely misses you. x2
The killer bee stings you.
* * * LOW HITPOINT WARNING * * *
You are poisoned.
The killer bee poisons you! You block the killer bee's attack. x2
You hit the killer bee but do no damage.
The killer bee is heavily wounded.
You hit the killer bee but do no damage.
* * * LOW HITPOINT WARNING * * *
With a swish of your cloak, you release a cloud of fog.
You feel very sick.
The killer bee completely misses you. x2; You block the killer bee's attack.
The killer bee completely misses you. x3; You block the killer bee's attack.
The killer bee completely misses you. The killer bee misses you.
The killer bee barely misses you.
You closely miss the killer bee.
The killer bee is heavily wounded.
You miss the killer bee.
* * * LOW HITPOINT WARNING * * *
You feel very sick.
You block the killer bee's attack. x4; The killer bee closely misses you.
The killer bee barely misses you. x2; The killer bee stings you.
You die...

.....# ##.##
##.#####.......#
.##### #..# #..#
#......## ## #..##
#.## ##...).## #
##..## #.## #.......
##..## ##.# ##..#.##.
## ##..####.#
##.(.##... .########
##..##..####.....###.
........##
##§§§§..........###.
#######..##
#y@y§.....####..##.
##..#####§§§#####.#
##...#. ###......§##
#####...... #########
###....(.#..
#........#..
#......#.#.#
#.......###. ####
##...#...#..
###..#######
#.....#.....


You could see 2 killer bees.

Vanquished Creatures
  A water moccasin (D:7)
  2 black bears
  2 ogres
  A centaur (D:6)
  A scorpion (D:5)
  2 killer bees (D:7)
  5 jellies
  2 hounds
  A gnoll bouda (D:5)
  3 orc priests
  2 sleepcaps (D:6)
  2 iguanas (D:6)
  6 orc wizards
  6 gnolls
  8 adders
  A shadow imp (D:5)
  2 ufetubi
  A worm (D:2)
  15 orcs
  9 endoplasms
  6 giant cockroaches
  5 hobgoblins
  11 jackals
  3 quokkas
  4 ball pythons
  5 bats
  4 goblins
  3 kobolds
  5 rats
118 creatures vanquished.

Notes
Turn   | Place    | Note
-------+----------+-------------------------------------------
     0 | D:1      | BigDaddyOpFi the Spriggan Fighter began the quest for the
                  | Orb.
     0 | D:1      | Reached XP level 1. HP: 11/11 MP: 2/2
    17 | D:1      | Found Veoliky's Book Emporium.
    37 | D:1      | Identified 3 scrolls of acquirement
    37 | D:1      | Acquired 667 gold pieces
    39 | D:1      | Acquired the amulet "Moboy" {Reflect rF- rCorr MP-9 Str+9
                  | SH+5}
    41 | D:1      | Acquired a manual of Dodging
   271 | D:1      | Reached XP level 2. HP: 16/16 MP: 3/3
   591 | D:2      | Reached skill level 5 in Dodging
   660 | D:2      | Reached XP level 3. HP: 19/19 MP: 0/4
   715 | D:2      | Found Fuiquv's Assorted Antiques.
   723 | D:2      | Bought the +2 cloak of the Thief {*Fog Slay-2 SInv Stlth+}
                  | for 442 gold pieces
   723 | D:2      | Found the +2 cloak of the Thief {*Fog Slay-2 SInv Stlth+}
  1139 | D:2      | Found a faded altar of an unknown god.
  1195 | D:2      | Reached skill level 6 in Dodging
  1195 | D:2      | Reached XP level 4. HP: 5/23 MP: 0/5
  1792 | D:2      | Identified the +4 hand axe "Fumm" {freeze, *Rage Dex+4}
  2447 | D:4      | Reached skill level 1 in Stealth
  3021 | D:4      | Reached XP level 5. HP: 22/28 MP: 0/6
  3303 | D:5      | Entered Level 5 of the Dungeon
  3381 | D:4      | Reached XP level 6. HP: 4/32 MP: 0/7
  3720 | D:4      | Reached skill level 7 in Dodging
  4256 | D:5      | Reached skill level 5 in Stealth
  4273 | D:5      | Gained mutation: You are frail. (-10% HP) [potion of
                  | mutation]
  4534 | D:5      | Found Zunkiod's Weapon Emporium.
  4716 | D:5      | Reached XP level 7. HP: 27/32 MP: 0/8
  4892 | D:5      | Reached skill level 8 in Dodging
  5289 | D:6      | Found a staircase to the Ecumenical Temple.
  5357 | Temple   | Entered the Ecumenical Temple
  5377 | Temple   | Became a worshipper of Dithmenos the Shadowed
  5731 | D:6      | Reached XP level 8. HP: 37/37 MP: 0/9
  6363 | D:6      | Reached skill level 9 in Dodging
  6822 | D:6      | Reached skill level 5 in Short Blades
  7025 | D:6      | Slain by a killer bee

Illustrated notes

Levels and vault maps discovered:
D:1:      heliophobic_arrival_henge, layout_rooms, serial_shops, shop_statue
D:2:      layout_basic, serial_shops, nicolae_lakefront_shop,
          ebering_ecumenical_altar_ruins
D:3:      layout_basic
D:4:      layout_rooms, kennysheep_generic_room_4
D:5:      layout_loops_corners, serial_shops, nicolae_shop_behind_doors
D:6:      layout_layer_cave, minmay_temple_entry_arrows, chequers_avenue
D:7:      layout_rooms, serial_aquarium, aquarium_bridge_straight
          [aquarium_subvault_bridge, aquarium_subvault_wall,
          aquarium_subvault_bridge, aquarium_subvault_window],
          aquarium_window_corridor_1, aquarium_window_1, aquarium_window_fake,
          aquarium_window_1, aquarium_view_2c, aquarium_view_2b,
          aquarium_balcony_3b, aquarium_pool_2
Temple:   nicolae_temple_bog_church

Skill      XL: |  1  2  3  4  5  6  7  8 |
---------------+-------------------------+-----
Dodging        | 5 6 7 8 9 |  9.6
Short Blades   | 3 4 5 |  5.3
Stealth        | 2 3 5 7 8 |  8.7
Fighting       | 3 4 |  4.3
Shields        | 3 4 |  4.1

Action                     |  1- 3 |  4- 6 |  7- 9 || total
---------------------------+-------+-------+-------++-------
  Melee: Rapier            |    47 |       |       ||    47
         Short sword       |   134 |   498 |       ||   632
         Hand axe          |       |       |   125 ||   125
    Use: Scroll            |     3 |     9 |     3 ||    15
         Potion            |       |    12 |       ||    12
   Stab: Sleeping          |     3 |     8 |     6 ||    17
         Distracted        |     1 |     2 |       ||     3
         Confused          |       |     1 |       ||     1
         Invisible         |       |     1 |       ||     1
 Armour: Robe              |    24 |    26 |    23 ||    73
         Skin              |       |     1 |       ||     1
  Dodge: Dodged            |   146 |   199 |   138 ||   483
  Block: Buckler           |    93 |   193 |   103 ||   389

Table legend: (Time is in decaauts)
 A = Elapsed time spent in this place.
 B = Non-inter-level travel time spent in this place.
 C = Inter-level travel time spent in this place.
 D = Time resting spent in this place.
 E = Time spent auto-exploring this place.
 F = Levels seen in this place.
 G = Mean time per level.
                   A        B        C        D        E       F      G
               +--------+--------+--------+--------+--------+-----+--------+
         Total |   5307 |   5160 |    147 |   1760 |   2284 |   8 |  663.4 |
       Dungeon |   5288 |   5147 |    141 |   1760 |   2280 |   7 |  755.4 |
        Temple |     19 |     14 |      5 |      0 |      3 |   1 |   19.0 |
               +--------+--------+--------+--------+--------+-----+--------+

Top non-repeatable levels by time:
     D:6: 1359 daAuts
     D:4: 1066 daAuts
     D:5: 1032 daAuts
     D:2: 934 daAuts
     D:3: 400 daAuts
     D:1: 390 daAuts
     D:7: 103 daAuts
  Temple: 19 daAuts
